 Dungeon Crawl Stone Soup version 0.29.1-1-gd02db6906a (webtiles) character file.

Game seed: 15210740062130066937

3132 Zeld the Cleaver (level 9, 0/121 HPs)
             Began as a Minotaur Berserker on Oct 19, 2022.
             Was a Believer of Trog.
             Slain by an unseen horror (4 damage)
             ... on level 7 of the Dungeon.
             The game lasted 00:11:20 (9599 turns).

Zeld the Cleaver (Minotaur Berserker)               Turns: 9599, Time: 00:11:21

Health: 0/121      AC:  6    Str: 27    XL:     9   Next: 61%
Magic:  8/8        EV: 13    Int:  4    God:    Trog [**....]
Gold:   338        SH:  5    Dex:  9    Spells: 8/8 levels left

rFire   . . .      SeeInvis .   a - +0 hand axe
rCold   . . .      Faith    .   (no shield)
rNeg    . . .      Spirit   .   b - +0 animal skin
rPois   .          Reflect  +   (helmet restricted)
rElec   .          Harm     .   w - +0 cloak
rCorr   .          Rampage  .   j - +0 pair of gloves
Will    ++...                   C - +0 pair of boots
Stlth   ..........              r - amulet of reflection
HPRegen 1.30/turn               (no ring)
MPRegen 0.11/turn               (no ring)

@: berserking (expiring), strong-willed, regenerating, very quick
A: horns 2, retaliatory headbutt
a: Renounce Religion, Berserk, Trog's Hand


You were on level 7 of the Dungeon.
You worshipped Trog.
Trog was pleased with you.
You visited 2 branches of the dungeon, and saw 8 of its levels.

You collected 338 gold pieces.

Inventory:

Hand Weapons
 a - a +0 hand axe (weapon)
Armour
 b - a +0 animal skin (worn)
 j - a +0 pair of gloves (worn)
 w - a +0 cloak (worn)
 C - a +0 pair of boots (worn)
Jewellery
 r - an amulet of reflection (around neck)
Wands
 u - a wand of flame (27)
 y - a wand of roots (9)
 z - a wand of polymorph (11)
Scrolls
 d - 4 scrolls of vulnerability {unknown}
 e - a scroll of enchant armour {unknown}
 f - a scroll of blinking {unknown}
 g - a scroll of silence {unknown}
 h - 9 scrolls of teleportation {unknown}
 k - 2 scrolls of amnesia {unknown}
 m - 3 scrolls of identify {unknown}
 n - 2 scrolls of magic mapping {unknown}
 q - 2 scrolls of noise {unknown}
 s - a scroll of enchant weapon {unknown}
 x - 2 scrolls of immolation {unknown}
 B - a scroll of brand weapon {unknown}
Potions
 c - 2 potions of heal wounds {unknown}
 i - 3 potions of haste {unknown}
 l - a potion of degeneration {unknown}
 o - 4 potions of mutation {unknown}
 p - a potion of flight {unknown}
 t - 4 potions of curing {unknown}
 v - a potion of invisibility {unknown}
 A - a potion of might {unknown}


   Skills:
 + Level 8.1 Fighting
 * Level 10.9 Axes
 + Level 7.6 Armour
 + Level 6.9 Dodging


You had 8 spell levels left.
You didn't know any spells.
Your spell library was empty.

Dungeon Overview and Level Annotations

Branches:
Dungeon (7/15)             Temple (1/1) D:6

Altars:
Ashenzari
Cheibriados
Dithmenos
Elyvilon
Fedhas
Gozag
Kikubaaqudgha
Makhleb
Okawaru
Qazlal
Ru
Sif Muna
Trog
Uskayaw
Vehumet
Wu Jian
Xom
Yredelemnul
Zin
The Shining One

Shops:
D:4 =


Innate Abilities, Weirdness & Mutations

You have a pair of horns on your head.
You reflexively headbutt those who attack you in melee.


Message History

Something hits you. Something hits you.
You hit something but do no damage. Your headbutt misses something.
Something hits you! Something hits you but does no damage.
There is a fountain of clear blue water here.
Something hits you. Something hits you.
There is an open door here.
Something hits you. Something hits you. x2
Something hits you but does no damage. Something hits you.
* * * LOW HITPOINT WARNING * * *
There is an open door here.
Something hits you!
* * * LOW HITPOINT WARNING * * *
Something is blocking the doorway!
Something hits you!
* * * LOW HITPOINT WARNING * * *
Okay, then.
Okay, then.
Okay, then.
Your skin crawls.
You feel strong-willed. You block something's attack.
Something hits you but does no damage.
Unknown command.
A red film seems to cover your vision as you go berserk!
You feel yourself moving faster!
You feel mighty! Something hits you.
* * * LOW HITPOINT WARNING * * *
You barely miss something. Something hits you.
* * * LOW HITPOINT WARNING * * *
You closely miss something. You block something's attack. Something hits you.
* * * LOW HITPOINT WARNING * * *
There is an open door here.
You feel a strong urge to attack something.
Something is blocking the doorway!
Something hits you.
* * * LOW HITPOINT WARNING * * *
Something hits you.
You die...

## .# .# .# ## ##### .#
##...##### # ..# #....'@#.###
##.# ...# ####'####..##.## ##.#.#
...o# #.......#.÷.#..####....#
)....# #.⌠...⌠.##'####'.......#
:)....##....⌠..##.888##.##....###
#=..h§Y+...⌠...#8..).'..#.......#
!)...§##..⌠....##.888####.###.#.#
(..D.# #.⌠...⌠.##+#### #.###.# #
....# #.......#...# #.....#


There were no monsters in sight!

Vanquished Creatures
  The ghost of fireball365 the Covered, an amateur MiFi of Hepliaklqana (D:4)
  Grinder (D:4)
  Prince Ribbit (D:7)
  Sigmund (D:6)
  Menkaure (D:6)
  A steam dragon (D:7)
  A water moccasin (D:7)
  An ice beast (D:7)
  3 ogres
  2 centaurs (D:7)
  4 phantoms
  5 scorpions
  3 necrophages
  2 bullfrogs (D:7)
  A killer bee (D:7)
  A howler monkey (D:6)
  2 hounds (D:5)
  Crazy Yiuf (D:4)
  A gnoll bouda (D:7)
  A jelly (D:5)
  Jessica (D:2)
  5 iguanas
  2 orc wizards (D:6)
  8 gnolls
  8 adders
  2 shadow imps (D:7)
  A white imp (D:7)
  An ufetubus (D:5)
  A dart slug (D:2)
  A worm (D:5)
  5 orcs
  8 ball pythons
  5 endoplasms
  5 goblins
  8 hobgoblins
  3 kobolds
  3 quokkas
  5 bats
  3 frilled lizards
  3 rats
112 creatures vanquished.

Vanquished Creatures (others)
  A howler monkey (D:7)
1 creature vanquished.

Grand Total: 113 creatures vanquished

Notes
Turn   | Place    | Note
-------+----------+-------------------------------------------
     0 | D:1      | Zeld the Minotaur Berserker began the quest for the Orb.
     0 | D:1      | Reached XP level 1. HP: 19/19 MP: 0/0
   309 | D:1      | Reached XP level 2. HP: 27/27 MP: 1/1
   327 | D:1      | Reached skill level 4 in Axes
   614 | D:1      | Found a faded altar of an unknown god.
   614 | D:1      | Noticed a shining eye
   617 | D:1      | Noticed a golden eye
   617 | D:1      | Noticed a great orb of eyes
   617 | D:1      | Noticed a shining eye
  1233 | D:2      | Reached XP level 3. HP: 29/33 MP: 2/2
  1660 | D:2      | Noticed Jessica
  1673 | D:2      | Killed Jessica
  1972 | D:3      | Reached XP level 4. HP: 38/40 MP: 3/3
  2056 | D:3      | Reached ** piety under Trog
  3298 | D:4      | Noticed a necrophage
  3306 | D:4      | Killed a necrophage
  3307 | D:4      | Reached skill level 5 in Axes
  3307 | D:4      | Reached XP level 5. HP: 47/47 MP: 4/4
  3721 | D:4      | Found a burning altar of Makhleb.
  3776 | D:4      | Noticed an ogre
  3787 | D:4      | Killed an ogre
  3788 | D:4      | Reached skill level 5 in Fighting
  3788 | D:4      | Reached skill level 6 in Axes
  3788 | D:4      | Reached XP level 6. HP: 56/56 MP: 5/5
  3829 | D:4      | Found a runed translucent gate.
  3831 | D:4      | Found a runed translucent gate.
  3832 | D:4      | Found a runed translucent gate.
  3834 | D:4      | Noticed fireball365's ghost (amateur MiFi)
  3928 | D:4      | Found an ancient bone altar of Kikubaaqudgha.
  3999 | D:4      | Found a runed translucent door.
  4000 | D:4      | Noticed Crazy Yiuf
  4253 | D:4      | Noticed Grinder
  4254 | D:4      | Paralysed by Grinder for 4 turns
  4263 | D:4      | Paralysed by Grinder for 2 turns
  4266 | D:4      | Killed Grinder
  4267 | D:4      | Reached XP level 7. HP: 52/61 MP: 6/6
  4454 | D:4      | Found a radiant altar of Vehumet.
  4632 | D:4      | Found Uroq's One-of-a-Kind Rings.
  4721 | D:4      | Killed Crazy Yiuf
  4768 | D:4      | Killed fireball365's ghost
  4769 | D:4      | Reached skill level 7 in Axes
  4769 | D:4      | Reached skill level 5 in Armour
  4814 | D:5      | Entered Level 5 of the Dungeon
  4837 | D:5      | Found a blossoming altar of Fedhas.
  5215 | D:5      | Reached skill level 5 in Dodging
  5215 | D:5      | Reached XP level 8. HP: 39/70 MP: 7/7
  5391 | D:5      | Found an iron altar of Okawaru.
  5411 | D:5      | Reached skill level 8 in Axes
  5669 | D:5      | Identified the +1 leather armour of Moedemon {Harm Rampage
                  | rPois Int+4}
  6126 | D:6      | Noticed Sigmund
  6150 | D:6      | Killed Sigmund
  6399 | D:6      | Found a snail-covered altar of Cheibriados.
  6717 | D:6      | Reached skill level 9 in Axes
  6900 | D:6      | Found a staircase to the Ecumenical Temple.
  6925 | Temple   | Entered the Ecumenical Temple
  7041 | D:6      | Found a bloodstained altar of Trog.
  7213 | D:6      | Noticed Menkaure
  7221 | D:6      | Killed Menkaure
  7263 | D:6      | Found a shadowy altar of Dithmenos.
  7658 | D:7      | Reached XP level 9. HP: 14/79 MP: 8/8
  8169 | D:7      | Reached skill level 10 in Axes
  8728 | D:7      | Noticed Prince Ribbit
  8739 | D:7      | Killed Prince Ribbit
  9576 | D:7      | Noticed a four-headed hydra
  9599 | D:7      | HP: 4/121 [something (6)]
  9599 | D:7      | Slain by an unseen horror

Illustrated notes

Levels and vault maps discovered:
D:1:      eino_arrival_tree_alley, layout_basic,
          hellmonk_ecumenical_altar_watching_god
D:2:      layout_basic, uniq_jessica
D:3:      layout_basic, serial_co_window_serial, co_window_paths_b,
          co_window_paths_a, co_window_of_opportunity_a, co_window_paths_a,
          co_window_paths_a, co_window_broadway_c, co_window_cross_4,
          co_window_broadway_a, co_window_sun, co_window_paths_e,
          glass_columns_a, glass_columns_b, glass_columns_a, glass_columns_b,
          glass_columns_b, grunt_ministairs_2
D:4:      layout_loops_corners, mainiacjoe_overflow_boulevard,
          mainiacjoe_overflow_brackets, lemuel_round_altar,
          gammafunk_ghost_split, nicolae_shop_unique_rings,
          chequers_serial_rivers_marsh, uniq_crazy_yiuf_cottage, uniq_grinder
D:5:      layout_gridville, mainiacjoe_overflow_24_doors, fedhas_ov_isle_minmay
D:6:      layout_basic, cheibriados_altar_1, grunt_dithmenos_shadows,
          nicolae_overflow_crystal_walls, minmay_temple_entry_trees,
          uniq_sigmund, uniq_menkaure
D:7:      minmay_chambers_of_sevens, layout_loops_corners,
          minmay_misc_feat_rugged, uniq_prince_ribbit1
Temple:   nicolae_temple_ecumenical_triangle

Skill      XL: |  1  2  3  4  5  6  7  8  9 |
---------------+----------------------------+-----
Axes           | 4 5 6 7 9 10 | 10.9
Fighting       | 4 5 6 7 8 |  8.1
Armour         | 3 4 5 6 7 |  7.6
Dodging        | 3 4 5 6 |  6.9

Action                   |  1- 3 |  4- 6 |  7- 9 || total
-------------------------+-------+-------+-------++-------
Melee: Hand axe          |    49 |    77 |   269 ||   395
       Headbutt          |     5 |    14 |    42 ||    61
       Punch             |       |       |     2 ||     2
Invok: Berserk           |       |     3 |     6 ||     9
       Trog's Hand       |       |       |     1 ||     1
 Stab: Sleeping          |     1 |       |     1 ||     2
Armor: Animal skin       |     6 |    10 |    51 ||    67
Dodge: Dodged            |    41 |    46 |   133 ||   220
Block: Other             |       |    13 |    61 ||    74
